 Dungeon Crawl Stone Soup version 0.17.1-3-g152610e (webtiles) character file.

64 moxian the Gusty (level 3, -6/19 HPs)
             Began as a Deep Elf Air Elementalist on May 1, 2016.
             Killed by divine providence
             ... invoked by an orc priest
              (12 damage)
             ... on level 4 of the Dungeon.
             The game lasted 00:05:37 (1511 turns).

moxian the Gusty (Deep Elf Air Elementalist)        Turns: 1511, Time: 00:05:37

Health: -6/19      AC:  5    Str:  5    XL:     3   Next: 91%
Magic:  10/10      EV: 13    Int: 20    God:
Gold:   76         SH:  0    Dex: 17    Spells: 1 memorised, 8 levels left

rFire  . . .     SeeInvis .     (no weapon)
rCold  . . .     Clarity  .     a - +0 robe
rNeg   . . .     SustAt   +     (no shield)
rPois  .         Gourm    .     q - +0 helmet
rElec  .         Spirit   .     (no cloak)
rCorr  .         Warding  .     k - +1 pair of gloves
rMut   .         Stasis   .     (no boots)
MR     .....                    (no amulet)
Stlth  ++........               m - +2 ring of dexterity
                                f - ring of sustain attributes

@: not resistant to hostile enchantments, unstealthy
A: no striking features
a: no special abilities


You were on level 4 of the Dungeon.
You were hungry.

You visited 1 branch of the dungeon, and saw 4 of its levels.

You collected 76 gold pieces.

Inventory:

Missiles
 e - 43 sling bullets
Armour
 a - a +0 robe (worn)
 k - a +1 pair of gloves (worn)
 q - a +0 helmet (worn)
Jewellery
 f - a ring of sustain attributes (left hand)
 m - a +2 ring of dexterity (right hand)
Potions
 i - a potion of magic {unknown}
 o - a potion of invisibility {unknown}
 p - a potion of mutation {unknown}
Books
 b - a book of Air

   Spells                             Type                      Level
   a - Shock                          Conjuration/Air              1
   b - Swiftness                      Charms/Air                   2
   c - Repel Missiles                 Charms/Air                   2
   d - Static Discharge               Conjuration/Air              3
   e - Lightning Bolt                 Conjuration/Air              5
Comestibles
 c - 2 bread rations
 h - a slice of pizza


   Skills:
 + Level 3.0 Dodging
 - Level 2.4 Stealth
 + Level 3.5 Spellcasting
 * Level 2.4 Conjurations
 * Level 3.8 Air Magic


You had 8 spell levels left.
You knew the following spells:

 Your Spells              Type           Power        Failure   Level  Hunger
a - Shock                 Conj/Air       ###.         4%          1    None


Dungeon Overview and Level Annotations

Branches:
Dungeon (4/15)
 Temple: D:4-7

Altars:
Cheibriados
Kikubaaqudgha
Sif Muna


Message History

The scroll dissolves into smoke.
It was a scroll of fog.
The giant newt bites you but does no damage.
Read which item? (? for menu, Esc to quit)
As you read the scroll labeled FEF GUEGENYO, it crumbles to dust.
It is a scroll of recharging.
You aren't carrying any rechargeable items.
The giant newt misses you.
A worker ant comes into view.
The orc priest shouts!
The orc hits you with a flail. The scorpion closely misses you.
An orc priest comes into view. It is wielding a short sword.
The orc priest looks braver for a moment.
The orc priest hits you with a short sword.
* * * LOW HITPOINT WARNING * * *
The orc priest miscasts a cantrip.
The orc priest invokes the aid of Beogh against you.
Something smites you!
Ouch! That really hurt!
You die...

###########
######.......... ..
#......)..)..... ...
#....s..........
.#.######..Sal..........
..........o###oo........
............aO..@.......
.....§......%...........
.a!........###..........
#......§...# #..........
#..%§..§.a.# #..........
########.#######.#######
....l....§........
.......#.#######.##
.......#...


You could see an ogre, a scorpion, 2 worker ants, 2 orc priests, an adder, an
orc and a giant newt.

Vanquished Creatures
  Jessica (D:2)
  An ooze (D:1)
  A worm (D:2)
  A giant gecko (D:1)
  A ball python (D:2)
  6 bats
  4 hobgoblins
  2 giant newts (D:1)
  6 goblins
  5 kobolds
28 creatures vanquished.

Notes
Turn   | Place    | Note
--------------------------------------------------------------
     0 | D:1      | moxian the Deep Elf Air Elementalist began the quest for the Orb.
     0 | D:1      | Reached XP level 1. HP: 10/10 MP: 6/6
   112 | D:1      | Reached XP level 2. HP: 15/15 MP: 1/8
   652 | D:2      | Found a faded altar to an unknown god.
   710 | D:2      | Found a snail-covered altar of Cheibriados.
   823 | D:2      | Found an ancient bone altar of Kikubaaqudgha.
   827 | D:2      | Reached XP level 3. HP: 19/19 MP: 6/9
   830 | D:2      | Noticed Jessica
   848 | D:2      | Killed Jessica
  1312 | D:2      | Found a deep blue altar of Sif Muna.
  1486 | D:3      | You fall through a shaft!
  1486 | D:4      | Noticed a scorpion
  1493 | D:4      | Noticed an ogre
  1511 | D:4      | Killed from afar by an orc priest

Action                   || total
-------------------------++-------
 Cast: Shock             ||    54
  Use: Scroll            ||     5
  Eat: Chunk             ||     1
